 Dungeon Crawl Stone Soup version 0.30-a0-986-g7f2e898f52 (webtiles) character file.

Game seed: 15557619311689367011

94580 ytrimaz the Apostle (level 16, -4/163 HPs)
             Began as a Hill Orc Fighter on Apr 2, 2023.
             Was a High Priest of Beogh.
             Killed from afar by Nikola (61 damage)
             ... with an arc of chain lightning
             ... on level 1 of the Swamp.
             The game lasted 00:35:20 (25077 turns).

ytrimaz the Apostle (Hill Orc Fighter)             Turns: 25077, Time: 00:35:21

Health: -4/163     AC: 33    Str: 26    XL:     16   Next: 11%
Magic:  26/30      EV:  9    Int: 13    God:    Beogh [*****.]
Gold:   1133       SH:  5    Dex: 14    Spells: 15/15 levels left

rFire   . . .      SeeInvis .    a - +0 war axe (heavy)
rCold   . . .      Faith    .    c - +0 buckler
rNeg    + . .      Spirit   .    K - +1 pearl dragon scales
rPois   +          Reflect  .    l - +0 helmet
rElec   .          Rampage  .    g - +1 cloak
rCorr   +          Rage     3%   o - +1 Delatra's gloves {ID++}
Will    +....                    O - +0 pair of boots Stlth
                                 R - amulet of regeneration
HPRegen 1.27/turn                L - ring of Fusim {rPois rCorr Int+6}
MPRegen 0.22/turn                t - +4 ring of protection

@: no status effects
A: walk on water, agile 1, berserk 1, robust 1
a: Renounce Religion, Smiting, Recall Orcish Followers, Give Item to Named
Follower


You were on level 1 of the Swamp.
You worshipped Beogh.
Beogh was extremely pleased with you.
You visited 5 branches of the dungeon, and saw 24 of its levels.

You collected 2592 gold pieces.
You spent 1459 gold pieces at shops.


Innate Abilities, Weirdness & Mutations

You can walk on water.
You are agile. (Dex +4, Str/Int -1)
You sometimes lose your temper in combat.
You are robust. (+10% HP)


   Skills:
 - Level 15.0 Fighting
 - Level 16.0(16.1) Axes
 - Level 2.3(9.1) Maces & Flails
 - Level 20.0 Armour
 - Level 3.2 Shields
 * Level 20.6 Invocations


You had 15 spell levels left.
You didn't know any spells.
Your spell library contained the following spells:

 Spells                   Type           Power      Damage    Failure   Level
 Apportation              Tloc           0%         N/A       58%         1
 Foxfire                  Conj/Fire      0%         2x1d2     58%         1
 Necrotise                Necr           0%         1d4       58%         1
 Slow                     Hex            0%         N/A       58%         1
 Summon Small Mammal      Summ           0%         N/A       58%         1
 Blink                    Tloc           0%         N/A       73%         2
 Cigotuvi's Dreadful Rot  Necr/Pois/Air  0%         N/A       73%         2
 Lesser Beckoning         Tloc           0%         N/A       73%         2
 Momentum Strike          Conj/Tloc      0%         3d8       73%         2
 Passwall                 Tmut/Erth      0%         N/A       73%         2
 Sublimation of Blood     Necr           0%         N/A       73%         2
 Confusing Touch          Hex            0%         N/A       91%         3
 Frozen Ramparts          Ice            0%         1d1       91%         3
 Ignite Poison            Fire/Tmut/Pois 0%         N/A       91%         3
 Kindle Blastsparks       Fire/Tloc/Air  0%         2d10      91%         3
 Summon Guardian Golem    Hex/Summ       0%         N/A       91%         3
 Vampiric Draining        Necr           0%         2d6       91%         3
 Animate Dead             Necr           0%         N/A       100%        4
 Dispel Undead            Necr           0%         3d6       100%        4
 Fulminant Prism          Conj/Hex       0%         3d5       100%        4
 Ice Form                 Ice/Tmut       0%         N/A       100%        4
 Iskenderun's Mystic Bla  Conj/Tloc      0%         2d3       100%        4
 Petrify                  Tmut/Erth      0%         N/A       100%        4
 Sticky Flame             Conj/Fire      0%         2d3       100%        4
 Summon Ice Beast         Ice/Summ       0%         N/A       100%        4
 Agony                    Necr           0%         N/A       100%        5
 Alistair's Intoxication  Tmut/Pois      0%         N/A       100%        5
 Borgnjor's Vile Clutch   Necr/Erth      0%         N/A       100%        5
 Fireball                 Conj/Fire      0%         3d3       100%        5
 Freezing Cloud           Conj/Ice/Air   0%         6-21      100%        5
 Irradiate                Conj/Tmut      0%         3d11      100%        5
 Lee's Rapid Deconstruct  Erth           0%         3d4*      100%        5
 Summon Forest            Summ/Tloc      0%         N/A       100%        5
 Summon Mana Viper        Hex/Summ       0%         N/A       100%        5
 Yara's Violent Unravell  Hex/Tmut       0%         3d3       100%        5
 Death Channel            Necr           0%         N/A       100%        6
 Eringya's Noxious Bog    Tmut/Pois      0%         N/A       100%        6
 Starburst                Conj/Fire      0%         6d3       100%        6
 Summon Cactus Giant      Summ           0%         N/A       100%        6
 Enfeeble                 Hex            0%         N/A       100%        7
 Haunt                    Necr/Summ      0%         N/A       100%        7
 Orb of Destruction       Conj           0%         9d5       100%        7
 Spellforged Servitor     Conj/Summ      0%         N/A       100%        7
 Ignition                 Fire           0%         3d3       100%        8
 Infestation              Necr           0%         N/A       100%        8
 Shatter                  Erth           0%         3d5*      100%        9

Inventory:

Hand Weapons
 a - a +0 heavy war axe (weapon)
 X - a +1 battleaxe of freezing
   (You took it off a frost giant on level 15 of the Dungeon)
Missiles
 E - 25 boomerangs (quivered)
Armour
 c - a +0 buckler (worn)
 e - +0 fire dragon scales
   (You found it on level 14 of the Dungeon)
 g - a +1 cloak (worn)
   (You found it on level 1 of the Dungeon)
 l - a +0 helmet (worn)
   (You found it on level 4 of the Dungeon)
 o - the +1 Delatra's gloves (worn) {ID++}
   (You found it on level 5 of the Dungeon)

   ID++:      It heals its wearer when they drink unknown potions, and restores
   their MP when they read unknown scrolls.
 K - +1 pearl dragon scales (worn)
   (You found it on level 12 of the Dungeon)
 O - a +0 pair of boots (worn)
   (You found it on level 1 of the Lair of Beasts)
 T - +0 fire dragon scales
   (You found it on level 5 of the Lair of Beasts)
 W - a +0 tower shield
   (You found it on level 2 of the Lair of Beasts)
Jewellery
 p - a ring of positive energy
   (You found it on level 12 of the Dungeon)
 q - an amulet of the acrobat
   (You found it on level 4 of the Dungeon)
 t - a +4 ring of protection (right hand)
   (You found it on level 1 of the Lair of Beasts)
 I - a ring of ice
   (You found it on level 15 of the Dungeon)
 L - the ring of Fusim (left hand) {rPois rCorr Int+6}
   (You found it on level 12 of the Dungeon)

   [ring of intelligence]

   Int:       It affects your intelligence (+6).
   rPois:     It protects you from poison.
   rCorr:     It protects you from acid and corrosion.
 N - a ring of protection from cold
   (You found it on level 12 of the Dungeon)
 Q - a ring of resist corrosion
   (You found it on level 15 of the Dungeon)
 R - an amulet of regeneration (around neck)
   (You found it on level 1 of the Lair of Beasts)
 U - a ring of protection from fire
   (You found it on level 2 of the Lair of Beasts)
Wands
 m - a wand of mindburst (7)
   (You took it off a yaktaur on level 13 of the Dungeon)
 x - a wand of flame (38)
   (You found it on level 4 of the Lair of Beasts)
 z - a wand of charming (49)
   (You found it on level 7 of the Dungeon)
 M - a wand of iceblast (16)
   (You found it on level 12 of the Dungeon)
Scrolls
 b - 2 scrolls of silence
 f - 2 scrolls of poison
 k - 5 scrolls of amnesia
 v - 2 scrolls of vulnerability
 w - 5 scrolls of enchant weapon
 y - 10 scrolls of teleportation
 A - 7 scrolls of enchant armour
 B - 5 scrolls of fog
 C - 9 scrolls of magic mapping
 D - 5 scrolls of fear
 G - 3 scrolls of brand weapon
 J - 4 scrolls of blinking
 V - a scroll of torment
Potions
 d - 2 potions of magic
 h - 5 potions of curing
 i - a potion of invisibility
 j - 2 potions of brilliance
 n - 7 potions of mutation
 r - a potion of cancellation
 s - 5 potions of attraction
 u - a potion of resistance
 F - 2 potions of heal wounds
 H - 2 potions of ambrosia
 P - a potion of might
 S - 6 potions of flight

Dungeon Overview and Level Annotations

Branches:
Dungeon (15/15) Zot: 26201  Temple (1/1) D:5 Zot: 5840    Lair (5/5) D:8 Zot: 24407
  Swamp (1/4) Lair:3 Zot: 5514   Snake (0/4) Lair:2        Slime (0/5) Lair:4
    Orc (2/2) D:9 Zot: 10405     Elf (0/3) Orc:2        Vaults (0/5) D:13
 Depths (0/4) D:15

Altars:
Ashenzari
Cheibriados
Dithmenos
Elyvilon
Fedhas
Gozag
Hepliaklqana
Kikubaaqudgha
Makhleb
Nemelex Xobeh
Okawaru
Qazlal
Ru
Sif Muna
Trog
Uskayaw
Vehumet
Wu Jian
Xom
Yredelemnul
Zin
The Shining One
Jiyva

Shops:
D:1 [   D:3 =*(!   D:9 !   D:12 *   D:15 *   Orc:2 ?*[*

Annotations:
D:3 2 transporters, Zonian's ghost, amateur VSGl
D:12 3 runed translucent doors, exclusion: 3 doors
Lair:4 1 runed translucent door, MrSquiggles's ghost, journeyman MiFi
Swamp:1 Nikola; Roxanne

♣.~ .♣.......♣.~.♣
♣♣.♣
~~~≈~.~~..♣~.~♣~)♣♣♣
♣~.♣
♣~.~~.~$~♣F~~.~~~~.~♣♣
♣..♣
♣.~~~.~.♣♣♣.§~...~.~.♣
D..♣
♣.♣♣o≈≈≈♣♣.♣.÷~§...~♣♣
~.♣♣
♣..~♣≈≈≈♣....~~~.8..♣
..♣
♣♣.♣≈≈≈≈≈≈.♣~~~~....♣
~~~
♣~♣≈≈≈≈≈≈≈.....~..~.♣
~.♣
♣~.°≈≈≈≈≈@@~)~~..~~~.♣
~~♣♣
♣..≈≈≈≈≈~.♣♣~♣..§...♣
.~.♣
♣.~†♣≈...)♣♣♣.~~~~.~.
~~~♣ ♣.♣~♣♣♣..♣♣
♣~.~~.~~♣. .§.♣♣ ♣~~~♣
♣♣♣♣ ~~~..~. ♣.~§♣
♣♣.~♣♣ (..~~~. ♣..~♣♣
♣~~.♣ ♣♣.~.~~ ♣.~.~♣
♣.~.♣ ♣♣~§~♣♣♣.~.♣


You could see Nikola (ally target) and the friendly Bogbrand the orc warlord.


Message History

The bunyip claws you but does no damage.
The bunyip claws you!! The bunyip barely misses you.
You closely miss the bunyip.
Bogbrand hits the bunyip with a +3 battleaxe!! 😕 HP[-17]
You take 17 damage, and now have 146/163 hp.
You slash the bunyip!
Bogbrand hits the bunyip with a +3 battleaxe! 😕 HP[+1]
You slice the bunyip!!
Bogbrand hits the bunyip with a +3 battleaxe!!
The bunyip dies!
Beogh accepts your kill. 😕 HP[+1] Unknown command. 😕 HP[+2]
You regained 2 hp, and now have 150/163 hp.
No target in view!
C - 9 scrolls of magic mapping (gained 1)
You swap places.
You see here 5 stones.
A tyrant leech comes into view.
The tyrant leech moves out of view. 😎 HP[+13]
Your hp is fully restored (163).
A tyrant leech is nearby!
The tyrant leech barely misses you.
You slice the tyrant leech!! The tyrant leech barely misses you.
You hit the tyrant leech but do no damage.
The tyrant leech bites you!
The tyrant leech draws strength from your injuries! 😕 HP[-13]
You take 13 damage, and now have 150/163 hp.
You slice the tyrant leech!!
Bogbrand hits the tyrant leech with a +3 battleaxe.
The tyrant leech bites you. 😕 HP[-1]
You take 1 damage, and now have 149/163 hp.
You slice the tyrant leech!!
You kill the tyrant leech!
Beogh accepts your kill. 😕 HP[+2]
You regained 2 hp, and now have 151/163 hp.
You see here a tyrant leech corpse. 😕 HP[+1] No target in view!
Unknown command.
Nikola the Mad Inventor comes into view.
He is wielding a +1 rapier of electrocution.
Nikola shouts! 😎 HP[+11]
Your hp is fully restored (163).
Aiming: Smiting
Press: ? - help, Dir - move target, f - Nikola Smite: Nikola, wielding a +1 rapier of electrocution, wearing a +0 cloak and wearing a +0 pair of gloves (ally target)
You smite Nikola!! 😎 MP[-3]
You lost 3 mp, and now have 27/30 mp.
Aiming: Smiting
Press: ? - help, Dir - move target, f/p - Nikola Smite: Nikola, wielding a +1 rapier of electrocution, wearing a +0 cloak and wearing a +0 pair of gloves (lightly wounded, ally target)
You smite Nikola!!
Nikola casts a spell.
Lightning arcs from Nikola's hands!
The bolt of lightning hits you!
A bolt of lightning appears from out of thin air!
The bolt of lightning hits Bogbrand!!! 😕 HP[-16] MP[-3]
You take 16 damage, and now have 147/163 hp.
You lost 3 mp, and now have 24/30 mp.
Aiming: Smiting
Press: ? - help, Dir - move target, f/p - Nikola Smite: Nikola, wielding a +1 rapier of electrocution, wearing a +0 cloak and wearing a +0 pair of gloves (moderately wounded, ally target)
Okay, then.
Nikola gestures wildly while chanting.
Nikola blinks! 😕 HP[+1] Unknown command. 😕 HP[+2]
You regained 2 hp, and now have 150/163 hp. 😕 HP[+1] MP[+1] 😕 HP[+1] 😕 HP[+1] 😕 HP[+2]
You regained 2 hp, and now have 155/163 hp.
Nikola gestures at you while chanting. The bolt of lightning misses you.
The mangrove smoulders and burns. 😕 HP[+1] MP[+1]
You block Nikola's attack. 😕 HP[+1]
You slash Nikola!
Nikola casts a spell.
Lightning arcs from Nikola's hands!
The bolt of lightning hits you!!!!
A bolt of lightning appears from out of thin air!
The bolt of lightning hits Nikola!
Nikola points at you and mumbles some strange words.
The bolt of lightning hits you!!
* * * LOW HITPOINT WARNING * * *
You hit Nikola but do no damage.
Nikola gestures wildly while chanting.
Lightning arcs from Nikola's hands!
The bolt of lightning hits you!!!
You die...

Skill      XL: |  1  2  3  4  5  6  7  8  9 10 11 12 13 14 15 |
---------------+----------------------------------------------+-----
Axes           | 3 4 6 8 10 11 14 16 | 16.0
Maces & Flails | 2 |  2.3
Fighting       | 6 9 12 14 15 | 15.0
Invocations    | 3 9 10 20 | 20.6
Armour         | 4 8 11 16 19 20 | 20.0
Shields        | |  3.2

Action                     |  1- 3 |  4- 6 |  7- 9 | 10-12 | 13-15 | 16-18 || total
---------------------------+-------+-------+-------+-------+-------+-------++-------
  Melee: War axe           |    93 |   104 |   174 |   382 |   715 |    38 ||  1506
 Invoke: Convert to Beogh  |       |       |     1 |       |       |       ||     1
         Smiting           |       |       |       |     3 |    12 |     7 ||    22
         Recall Orcish Fol |       |       |       |       |     8 |       ||     8
         Give Item to Name |       |       |       |       |     2 |       ||     2
    Use: Scroll            |     6 |     4 |     1 |    12 |     8 |       ||    31
         Potion            |       |       |     2 |    13 |     9 |       ||    24
   Stab: Paralysed         |       |       |       |     1 |     3 |       ||     4
         Distracted        |       |       |       |       |     7 |       ||     7
         Invisible         |       |       |       |       |    15 |       ||    15
         Confused          |       |       |       |       |     1 |       ||     1
 Armour: Scale mail        |    63 |    66 |   123 |     9 |       |       ||   261
         Plate armour      |       |       |       |   156 |       |       ||   156
         Skin              |       |       |       |    83 |       |       ||    83
         Chain mail        |       |       |       |    58 |       |       ||    58
         Pearl dragon scal |       |       |       |     4 |   588 |    44 ||   636
  Dodge: Dodged            |    76 |    58 |   142 |   175 |   368 |    24 ||   843
  Block: Buckler           |    25 |    26 |    49 |    79 |   179 |    19 ||   377

Levels and vault maps discovered:
D:1:      tarquinn_simple_flora_water_c, layout_basic, serial_shops,
          nicolae_shop_temple_entry_statues_fountains
D:2:      layout_basic
D:3:      layout_basic, mainiacjoe_overflow_large_starburst,
          shapermc_ecumenical_altar_petra, serial_shops, shop_statue, shop,
          nicolae_shop_crystal, shop, gammafunk_ghost_arena
D:4:      layout_loops_corners
D:5:      layout_loops_ring, mainiacjoe_overflow_catwalk_spiral,
          lemuel_crystal_altar, minmay_temple_entry_junction_2, uniq_eustachio,
          uniq_blork_the_orc
D:6:      layout_basic, minmay_misc_feat_hallway
D:7:      layout_cave_pods, mainiacjoe_overflow_chevrons,
          nicolae_overflow_hidden_temple, worldfamousw_hep_ancestral_shrine
D:8:      layout_gridville, lair_entry_dummy
D:9:      layout_long_grid, nicolae_ru_great_annihilating_truth, david_orc_3,
          serial_shops, nicolae_square_shop, uniq_amaemon
D:10:     layout_loops_cross
D:11:     layout_irregular_city, uniq_urug, uniq_psyche
D:12:     minmay_the_grid_triangle_9x9_rhombus_thin
          [minmay_the_grid_triangle_9x9_windchime,
          minmay_the_grid_triangle_9x9_prize_center,
          minmay_the_grid_triangle_9x9_fully_insulated_deathbox,
          minmay_the_grid_triangle_9x9_stretched_checkered], layout_basic,
          nicolae_shop_clearance, uniq_kirke, uniq_gastronok
D:13:     layout_rooms, hangedman_vaults_entry_quadrant_bands
D:14:     layout_irregular_city, nicolae_qazlal_style_of_elements,
          minmay_hidden_floor
D:15:     grunt_enter_depths_snipers, layout_cave_pools, serial_shops, shop,
          tso_oasis_becter, uniq_azrael
Temple:   hellmonk_temple_forest_ring
Lair:1:   statuecave_lemuel, layout_hall_layers, dpeg_stationary_puzzle
Lair:2:   layout_regular_city, minmay_snake_entry_guardpost_large
Lair:3:   layout_concentric_octagons, minmay_swamp_entry_reptiles
Lair:4:   layout_gridlike, slime_entry_1, ebering_ghost_reflecting_pool
Lair:5:   guppyfry_lair_end_dragon, layout_regular_city,
          hangedman_lair_tendril_chambers, minmay_hedge_maze
Swamp:1:  layout_falls_marsh, lemuel_altar_in_water, swamp_pool1,
          infiniplex_staircase_pool, uniq_nikola, uniq_roxanne
Orc:1:    layout_caves, uniq_harold
Orc:2:    st_orc_ogre_mass, layout_caves, nicolae_volcano_entry_s_turn,
          uniq_maurice, uniq_erolcha

Notes
Turn   | Place    | Note
-------+----------+-------------------------------------------
     0 | D:1      | ytrimaz the Hill Orc Fighter began the quest for the Orb.
     0 | D:1      | Reached XP level 1. HP: 19/19 MP: 1/1
     0 | D:1      | magus.rc [v1.9.6]
    32 | D:1      | Reached skill level 3 in Axes
   117 | D:1      | Reached XP level 2. HP: 19/26 MP: 2/2
   255 | D:1      | Reached skill level 4 in Axes
   409 | D:1      | Found Heta's Armour Boutique.
  1125 | D:2      | Reached XP level 3. HP: 25/31 MP: 3/3
  1195 | D:2      | Reached skill level 5 in Axes
  2092 | D:3      | Reached skill level 6 in Axes
  2092 | D:3      | Reached XP level 4. HP: 19/39 MP: 4/4
  2096 | D:3      | HP: 8/39 [orc/+0 falchion (4)]
  2268 | D:3      | Found Xaps's Assorted Antiques.
  2272 | D:3      | You pick up a book of Decay and begin reading...
  2272 | D:3      | You add the spells Cigotuvi's Dreadful Rot, Dispel Undead
                  | and Death Channel to your library.
  2289 | D:3      | Found a stormy altar of Qazlal.
  2325 | D:3      | Reached XP level 5. HP: 45/45 MP: 5/5
  2375 | D:3      | Found Visholeg's Jewellery Shoppe.
  2383 | D:3      | Found Xytiapp's Weapon Boutique.
  2392 | D:3      | Found Mavuw's Distillery.
  2397 | D:3      | Bought a potion of berserk rage for 65 gold pieces
  2422 | D:3      | Found a faded altar of an unknown god.
  2503 | D:3      | Found a basalt altar of Yredelemnul.
  2574 | D:3      | Found a transporter.
  2577 | D:3      | Noticed Zonian's ghost (amateur VSGl)
  2587 | D:3      | Found a transporter.
  3022 | D:4      | Reached skill level 7 in Axes
  3110 | D:4      | Noticed a black bear
  3121 | D:4      | Killed a black bear
  3122 | D:4      | Reached skill level 8 in Axes
  3122 | D:4      | Reached XP level 6. HP: 41/51 MP: 6/6
  3212 | D:4      | You pick up a book of the Wilderness and begin reading...
  3212 | D:4      | You add the spells Summon Forest, Summon Mana Viper and
                  | Summon Cactus Giant to your library.
  3310 | D:4      | You add the spells Alistair's Intoxication, Borgnjor's Vile
                  | Clutch and Eringya's Noxious Bog to your library.
  3497 | D:4      | You pick up a book of Dangerous Friends and begin
                  | reading...
  3497 | D:4      | You add the spells Summon Guardian Golem, Orb of
                  | Destruction and Spellforged Servitor to your library.
  4096 | D:5      | Entered Level 5 of the Dungeon
  4129 | D:5      | Reached skill level 9 in Axes
  4198 | D:5      | Noticed an ice beast
  4204 | D:5      | Killed an ice beast
  4205 | D:5      | Reached skill level 10 in Axes
  4205 | D:5      | Reached XP level 7. HP: 57/57 MP: 7/7
  4358 | D:5      | Found a staircase to the Ecumenical Temple.
  4366 | Temple   | Entered the Ecumenical Temple
  4639 | D:5      | Found the +1 Delatra's gloves {ID++}
  4712 | D:5      | Noticed Eustachio
  4713 | D:5      | Reached skill level 11 in Axes
  4715 | D:5      | Became a worshipper of Beogh the Brigand
  4763 | D:5      | Killed Eustachio
  4764 | D:5      | Reached XP level 8. HP: 24/64 MP: 8/8
  4766 | D:5      | You pick up a book of Spatial Translocations and begin
                  | reading...
  4766 | D:5      | You add the spells Blink, Momentum Strike and Lesser
                  | Beckoning to your library.
  4920 | D:5      | Found a broken altar of Ashenzari.
  4927 | D:5      | Found a shimmering blue altar of Sif Muna.
  4942 | D:5      | Noticed Blork the orc
  4947 | D:5      | Killed Blork the orc
  4948 | D:5      | Reached skill level 12 in Axes
  4954 | D:5      | Found a shimmering altar of Xom.
  4993 | D:5      | Noticed a yak
  4994 | D:5      | Noticed a yak
  4996 | D:5      | Noticed a yak
  5005 | D:5      | Killed a yak
  5006 | D:5      | Noticed a yak
  5017 | D:5      | Killed a yak
  5018 | D:5      | Reached skill level 13 in Axes
  5018 | D:5      | Noticed a yak
  5021 | D:5      | Killed a yak
  5025 | D:5      | Killed a yak
  5026 | D:5      | Reached skill level 14 in Axes
  5028 | D:5      | Noticed a yak
  5029 | D:5      | Killed a yak
  5030 | D:5      | Reached XP level 9. HP: 44/70 MP: 9/9
  5437 | D:6      | Reached skill level 15 in Axes
  5807 | D:6      | You pick up a book of Cantrips and begin reading...
  5807 | D:6      | You add the spells Necrotise, Summon Small Mammal and
                  | Apportation to your library.
  6472 | D:7      | Reached * piety under Beogh
  6473 | D:7      | Reached skill level 16 in Axes
  6473 | D:7      | Reached skill level 1 in Maces & Flails
  6474 | D:7      | Reached skill level 2 in Maces & Flails
  6515 | D:7      | Found a snail-covered altar of Cheibriados.
  6592 | D:7      | Reached skill level 4 in Fighting
  6598 | D:7      | Reached skill level 5 in Fighting
  6825 | D:7      | Found a hazy altar of Hepliaklqana.
  7182 | D:7      | Found a shadowy altar of Dithmenos.
  7261 | D:8      | Reached skill level 1 in Invocations
  7264 | D:8      | Reached skill level 2 in Invocations
  7324 | D:8      | Reached skill level 6 in Fighting
  7324 | D:8      | Reached skill level 3 in Invocations
  7388 | D:8      | Reached XP level 10. HP: 80/83 MP: 12/12
  7456 | D:8      | Reached skill level 4 in Invocations
  7511 | D:8      | Found a staircase to the Lair.
  7734 | D:8      | Reached skill level 5 in Invocations
  8075 | D:9      | You pick up a book of Blasting and begin reading...
  8075 | D:9      | You add the spells Kindle Blastsparks, Fulminant Prism,
                  | Iskenderun's Mystic Blast and Lee's Rapid Deconstruction to
                  | your library.
  8214 | D:9      | You pick up a book of Fire and begin reading...
  8214 | D:9      | You add the spells Foxfire, Fireball and Starburst to your
                  | library.
  8236 | D:9      | Reached skill level 6 in Invocations
  8373 | D:9      | Reached skill level 7 in Fighting
  8375 | D:9      | Reached ** piety under Beogh
  8387 | D:9      | Reached skill level 7 in Invocations
  8575 | D:9      | Found a sacrificial altar of Ru.
  8591 | D:9      | Noticed an orange demon
  8592 | D:9      | Noticed Amaemon
  8604 | D:9      | Gained mutation: You are agile. (Dex +4, Str/Int -1)
                  | [potion of mutation]
  8604 | D:9      | Gained mutation: You are robust. (+10% HP) [potion of
                  | mutation]
  8604 | D:9      | Gained mutation: You sometimes lose your temper in combat.
                  | [potion of mutation]
  8604 | D:9      | HP: 35/141 [poisoned by Amaemon]
  8605 | D:9      | Killed an orange demon
  8609 | D:9      | HP: 41/216 [poisoned by Amaemon]
  8613 | D:9      | HP: 20/216 [poisoned by a scorpion]
  8614 | D:9      | Killed Amaemon
  8615 | D:9      | Reached skill level 8 in Fighting
  8615 | D:9      | Reached skill level 8 in Invocations
  8618 | D:9      | HP: 17/216 [poisoned by a scorpion]
  8903 | D:9      | Found a staircase to the Orcish Mines.
  8912 | D:9      | Reached skill level 9 in Invocations
  9127 | D:9      | Found Cul Xugy's Distillery.
  9407 | D:10     | Entered Level 10 of the Dungeon
  9699 | D:10     | Reached skill level 9 in Fighting
  9699 | D:10     | Reached skill level 4 in Armour
  9711 | D:10     | Reached XP level 11. HP: 106/106 MP: 17/17
  9714 | D:10     | Reached skill level 5 in Armour
 10129 | D:10     | Reached *** piety under Beogh
 10146 | D:10     | Reached skill level 10 in Fighting
 10391 | D:11     | Reached skill level 6 in Armour
 10430 | D:11     | Noticed a centaur warrior
 10442 | D:11     | Killed a centaur warrior
 10560 | D:11     | Noticed Psyche
 10574 | D:11     | Killed Psyche
 10644 | D:11     | Noticed a brown ugly thing
 10656 | D:11     | Killed a brown ugly thing
 10657 | D:11     | Reached skill level 7 in Armour
 10683 | D:11     | You pick up a book of Rime and begin reading...
 10683 | D:11     | You add the spells Frozen Ramparts, Ice Form and Summon Ice
                  | Beast to your library.
 10915 | D:11     | Reached skill level 11 in Fighting
 10969 | D:11     | Noticed Urug
 10979 | D:11     | HP: 33/168 [Urug/+1 vampiric demon trident (13)]
 10982 | D:11     | Killed Urug
 11410 | D:11     | Noticed a sun demon
 11553 | D:11     | Reached skill level 8 in Armour
 11614 | D:11     | You pick up a book of Debilitation and begin reading...
 11614 | D:11     | You add the spells Slow, Vampiric Draining and Confusing
                  | Touch to your library.
 11900 | D:12     | Noticed a two-headed ogre
 11914 | D:12     | Killed a two-headed ogre
 11998 | D:12     | Noticed a cyclops
 12004 | D:12     | Noticed a two-headed ogre
 12008 | D:12     | Reached skill level 12 in Fighting
 12012 | D:12     | HP: 27/114 [two-headed ogre/+0 giant spiked club (23)]
 12015 | D:12     | Killed a two-headed ogre
 12017 | D:12     | HP: 30/171 [komodo dragon (14)]
 12019 | D:12     | Reached XP level 12. HP: 33/123 MP: 18/18
 12022 | D:12     | Reached skill level 9 in Armour
 12295 | D:12     | Found a runed translucent door.
 12295 | D:12     | Found a runed translucent door.
 12295 | D:12     | Noticed a boulder beetle
 12295 | D:12     | Noticed a boulder beetle
 12343 | D:12     | Noticed a two-headed ogre
 12347 | D:12     | Killed a two-headed ogre
 12490 | D:12     | Noticed Gastronok
 12506 | D:12     | HP: 20/124 [Gastronok (14)]
 12506 | D:12     | HP: 8/124 [slime creature (12)]
 12512 | D:12     | Killed Gastronok
 12512 | D:12     | HP: 52/279 [slime creature (11)]
 12513 | D:12     | Reached skill level 13 in Fighting
 12513 | D:12     | Reached skill level 10 in Armour
 12521 | D:12     | HP: 13/283 [very large slime creature (21)]
 12529 | D:12     | HP: 38/189 [slime creature (4)]
 12784 | D:12     | Noticed Kirke
 12807 | D:12     | Noticed a sphinx
 12810 | D:12     | Killed Kirke
 12879 | D:12     | Found a runed translucent door.
 12879 | D:12     | Noticed a jorogumo
 12881 | D:12     | Noticed a two-headed ogre
 12931 | D:12     | Noticed a two-headed ogre
 12937 | D:12     | Noticed a two-headed ogre
 12939 | D:12     | Killed a two-headed ogre
 12940 | D:12     | Reached skill level 14 in Fighting
 12943 | D:12     | Killed a two-headed ogre
 12944 | D:12     | Reached skill level 11 in Armour
 13073 | D:12     | Noticed a boulder beetle
 13687 | D:12     | Noticed a boulder beetle
 13701 | D:12     | Killed a boulder beetle
 13755 | D:12     | You add the spells Passwall, Petrify, Freezing Cloud and
                  | Shatter to your library.
 13755 | D:12     | Got Muxias's Secrets of Sandy Aeromancy
 13758 | D:12     | Identified +1 pearl dragon scales
 13761 | D:12     | Identified the +4 halberd of Governance {flame, +Blink
                  | rElec Will+ Dex-5}
 13773 | D:12     | Identified the ring of Fusim {rPois rCorr Int+6}
 13821 | D:12     | Noticed an entropy weaver
 13828 | D:12     | an entropy weaver changed into a wind drake
 13831 | D:12     | Reached XP level 13. HP: 90/137 MP: 19/19
 13975 | D:12     | Reached skill level 12 in Armour
 14000 | D:12     | Reached skill level 15 in Fighting
 14248 | D:12     | Found Dixkytt's CLEARANCE SALE!.
 14320 | D:12     | Bought 2 potions of might for 24 gold pieces
 14320 | D:12     | Bought a +1 plate armour of fire resistance for 105 gold
                  | pieces
 14321 | D:12     | Identified a scroll of acquirement
 14324 | D:12     | Acquired a manual of Invocations
 14592 | D:13     | Reached skill level 13 in Armour
 14802 | Lair:1   | Entered Level 1 of the Lair of Beasts
 15019 | Lair:1   | Reached **** piety under Beogh
 16264 | Lair:2   | Reached skill level 14 in Armour
 16275 | Lair:2   | You pick up a book of Alchemy and begin reading...
 16275 | Lair:2   | You add the spells Sublimation of Blood and Irradiate to
                  | your library.
 16532 | Lair:2   | Found a staircase to the Snake Pit.
 17184 | Lair:3   | Reached skill level 15 in Armour
 17203 | Lair:3   | Gained Jorge as an ally
 17497 | Lair:3   | magus.rc [v1.9.6]
 17621 | Lair:3   | Found a staircase to the Swamp.
 17824 | Swamp:1  | Entered Level 1 of the Swamp
 17825 | Swamp:1  | Your ally Jorge died
 17827 | Swamp:1  | Noticed an eleionoma
 17833 | Swamp:1  | Killed an eleionoma
 17836 | Swamp:1  | Noticed a bunyip
 17841 | Swamp:1  | Killed a bunyip
 17842 | Swamp:1  | Reached skill level 16 in Armour
 17926 | Swamp:1  | Identified Roxanne's Anthology of Configuration
 17926 | Swamp:1  | Noticed Roxanne
 17979 | Swamp:1  | Reached XP level 14. HP: 148/148 MP: 20/20
 18038 | Swamp:1  | HP: 27/148 [goliath frog (12)]
 18159 | Swamp:1  | Reached ***** piety under Beogh
 18227 | Lair:4   | You pick up a book of Misfortune and begin reading...
 18227 | Lair:4   | You add the spells Yara's Violent Unravelling and Enfeeble
                  | to your library.
 18276 | Lair:4   | You pick up a book of Death and begin reading...
 18276 | Lair:4   | You add the spells Animate Dead, Haunt and Infestation to
                  | your library.
 18294 | Lair:4   | Found a runed translucent door.
 18301 | Lair:4   | Noticed MrSquiggles's ghost (journeyman MiFi)
 18608 | Lair:4   | Reached skill level 17 in Armour
 18956 | Lair:4   | Found a staircase to the Slime Pits.
 18958 | Lair:4   | Found a viscous altar of Jiyva.
 19191 | Lair:5   | Entered Level 5 of the Lair of Beasts
 19430 | Lair:5   | You add the spells Ignite Poison, Sticky Flame and Ignition
                  | to your library.
 19623 | Lair:5   | Gained Wargath as an ally
 19671 | Lair:5   | Reached skill level 18 in Armour
 19883 | Lair:5   | Identified the +7 chain mail of the Blind Marksman {Stlth+}
 20177 | Lair:5   | Reached skill level 19 in Armour
 20746 | Orc:1    | Entered Level 1 of the Orcish Mines
 21065 | Orc:1    | Noticed Harold
 21074 | Orc:1    | Killed Harold
 21328 | Orc:2    | Entered Level 2 of the Orcish Mines
 21346 | Orc:2    | Reached skill level 10 in Invocations
 21350 | Orc:2    | Found a staircase to the Elven Halls.
 21392 | Orc:2    | Reached XP level 15. HP: 146/155 MP: 22/22
 21409 | Orc:2    | Gained Ogrik as an ally
 21410 | Orc:2    | Reached skill level 11 in Invocations
 21412 | Orc:2    | Your ally Ogrik died
 21420 | Orc:2    | Reached skill level 12 in Invocations
 21424 | Orc:2    | Reached skill level 13 in Invocations
 21424 | Orc:2    | Found Hiwebatt's General Store.
 21424 | Orc:2    | Found Dadorou's Assorted Antiques.
 21427 | Orc:2    | Reached ****** piety under Beogh
 21427 | Orc:2    | Gained Gorbash as an ally
 21431 | Orc:2    | Reached skill level 14 in Invocations
 21432 | Orc:2    | Found Gofuwn's Magic Scroll Boutique.
 21432 | Orc:2    | Found Unaen's Armour Emporium.
 21454 | Orc:2    | Bought a scroll of teleportation for 93 gold pieces
 21454 | Orc:2    | Bought a scroll of teleportation for 93 gold pieces
 21455 | Orc:2    | Bought a scroll of brand weapon for 133 gold pieces
 21455 | Orc:2    | Bought a potion of invisibility for 112 gold pieces
 21455 | Orc:2    | Bought a potion of might for 56 gold pieces
 21456 | Orc:2    | Bought a scroll of teleportation for 45 gold pieces
 21456 | Orc:2    | Bought a scroll of blinking for 112 gold pieces
 21456 | Orc:2    | Bought 3 scrolls of magic mapping for 337 gold pieces
 21456 | Orc:2    | Bought a scroll of magic mapping for 112 gold pieces
 21456 | Orc:2    | Bought a scroll of blinking for 112 gold pieces
 21456 | Orc:2    | Bought a scroll of fog for 60 gold pieces
 21458 | Orc:2    | Noticed Maurice
 21466 | Orc:2    | Killed Maurice
 21527 | Orc:2    | Noticed Erolcha
 21533 | Orc:2    | Noticed an orc warlord
 21545 | Orc:2    | Your ally Gorbash died
 21551 | Orc:2    | Killed Erolcha
 22166 | Orc:2    | Gained Beowulf as an ally
 22458 | D:12     | Noticed a juggernaut
 22597 | D:13     | You pick up a book of Necromancy and begin reading...
 22608 | D:13     | Your ally Beowulf died
 22612 | D:13     | Gained Bogric as an ally
 22613 | D:13     | Reached skill level 20 in Armour
 22616 | D:13     | Reached skill level 15 in Invocations
 22780 | D:13     | Reached skill level 16 in Invocations
 22835 | D:13     | Reached skill level 17 in Invocations
 22916 | D:13     | Found a gate to the Vaults.
 23300 | D:14     | Found a stormy altar of Qazlal.
 23301 | D:14     | Found a runed translucent door.
 23301 | D:14     | Noticed a sphinx
 23307 | D:14     | Noticed a storm dragon
 23373 | D:14     | Killed a sphinx
 23374 | D:14     | Reached skill level 18 in Invocations
 23386 | D:14     | Killed a storm dragon
 23852 | D:14     | Reached skill level 19 in Invocations
 24116 | D:15     | Entered Level 15 of the Dungeon
 24197 | D:15     | Gained Bogbrand as an ally
 24216 | D:15     | Reached skill level 20 in Invocations
 24264 | D:15     | Reached XP level 16. HP: 163/163 MP: 30/30
 24350 | D:15     | Found a glowing golden altar of the Shining One.
 24380 | D:15     | Noticed Azrael
 24387 | D:15     | Killed Azrael
 24434 | D:15     | Found Goduastona's Assorted Antiques.
 24597 | D:15     | Found a staircase to the Depths.
 25063 | Swamp:1  | Noticed Nikola
 25077 | Swamp:1  | Killed from afar by Nikola

Vanquished Creatures
  Gastronok (D:12)
  A sphinx (D:14)
  Kirke (D:12)
  A storm dragon (D:14)
  A frost giant (D:15)
  An eleionoma (Swamp:1)
  Azrael (D:15)
  2 bunyips (Swamp:1)
  An ettin (Orc:2)
  2 fire dragons
  Erolcha (Orc:2)
  Harold (Orc:1)
  4 ogre magi (Orc:2)
  A hydra (Lair:3)
  A catoblepas (Lair:1)
  16 two-headed ogres
  2 centaur warriors
  2 boulder beetles
  3 tengu warriors
  Urug (D:11)
  A spriggan (Swamp:1)
  A fire crab (D:12)
  A skyshark (Lair:5)
  Amaemon (D:9)
  4 skeletal warriors
  2 goliath frogs (Swamp:1)
  A phantasmal warrior (D:12)
  A flayed ghost (D:14)
  A bog body (Swamp:1)
  A swamp dragon (Swamp:1)
  3 deep elf pyromancers
  2 orc sorcerers
  7 ugly things
  An oklob plant (Lair:1)
  Maurice (Orc:2)
  5 cyclopes
  9 elephants (Lair:5)
  A guardian serpent (Lair:5)
  3 black mambas
  2 gargoyles (D:11)
  Psyche (D:11)
  8 cane toads
  3 rime drakes
  4 kobold demonologists
  An orange demon (D:9)
  2 yaktaurs
  A freezing wraith (D:13)
  12 komodo dragons
  3 trolls
  3 polar bears
  A hornet (Swamp:1)
  A tyrant leech (Swamp:1)
  4 dream sheep (Lair:3)
  A dream sheep (shapeshifter) (D:14)
  6 blink frogs
  A raiju (shapeshifter) (D:12)
  4 vampires
  4 slime creatures
  2 basilisks
  3 wraiths
  Eustachio (D:5)
  A fire elemental (D:15)
  4 hogs (D:12)
  18 yaks
  9 wyverns (Lair:5)
  A human (shapeshifter) (D:15)
  7 steam dragons
  11 vampire mosquitoes
  2 wargs
  2 redbacks (Lair:5)
  3 swamp worms (Swamp:1)
  3 acid dragons
  8 nagas (Lair:2)
  23 water moccasins
  3 hell hounds (D:15)
  A sky beast (D:7)
  2 ice beasts
  6 orc warriors
  A swamp drake (Lair:5)
  2 black bears
  23 ogres
  3 centaurs
  12 wolves
  3 boggarts (D:15)
  3 kobold brigands
  10 bullfrogs
  Blork the orc (D:5)
  2 gnoll sergeants
  A scorpion (D:7)
  5 wights (D:9)
  12 killer bees
  5 howler monkeys
  A jelly (D:6)
  5 orc priests
  A gnoll bouda (D:9)
  6 hounds
  2 sleepcaps
  6 iguanas
  11 orc wizards
  19 gnolls
  6 adders
  A white imp (D:7)
  A worm (D:5)
  A dart slug (D:2)
  24 orcs
  3 bats
  8 endoplasms
  3 giant cockroaches
  7 hobgoblins
  2 jackals (D:2)
  17 kobolds
  4 quokkas
  7 ball pythons
  2 frilled lizards
  12 goblins
  3 rats
  3 bushes (Lair:5)
500 creatures vanquished.

Vanquished Creatures (collateral kills)
  A bunyip (Swamp:1)
  A hydra (D:13)
  An ogre mage (D:13)
  5 two-headed ogres
  A death knight (D:13)
  2 boulder beetles
  2 skeletal warriors
  A swamp dragon (Lair:5)
  A deep elf pyromancer (D:12)
  2 cyclopes
  5 ugly things
  A wolf spider (Lair:5)
  A manticore (D:15)
  2 black mambas (Lair:5)
  4 cane toads (Lair:5)
  8 elephants (Lair:5)
  4 centaur skeletons (D:13)
  A rime drake (Lair:3)
  3 yaktaurs
  A tyrant leech (Swamp:1)
  3 hornets (Lair:5)
  4 slime creatures (D:15)
  A fire elemental (D:15)
  2 wraiths (D:13)
  A yak (Lair:5)
  2 wyverns (Lair:5)
  A vampire mosquito (D:13)
  A redback (Lair:5)
  2 wargs (Orc:2)
  4 water moccasins
  2 hell hounds (D:15)
  3 orc warriors (Orc:2)
  A swamp drake (Lair:5)
  4 ogres
  2 boggarts (D:15)
  3 orc priests
  3 iguanas
  3 orc wizards
  6 orcs
  3 bushes (Lair:5)
98 creatures vanquished.

Vanquished Creatures (others)
  An orc sorcerer (Lair:5)
  10 orc warriors
  A human (D:12)
  10 orc wizards
  9 orc priests
  An adder (D:5)
  33 orcs
  7 bushes (Lair:5)
  9 fungi
  45 plants
126 creatures vanquished.

Grand Total: 724 creatures vanquished

Table legend:
 A = Non-vault XP
 B = Vault XP
 C = Vault XP percentage of total XP
 D = Non-vault monster count
 E = Vault monster count
 F = Vault count percentage of total count
                 A         B        C        D         E       F
            +---------+---------+-------+---------+---------+-------
      Total |   74909 |   60206 |  44.6 |     422 |     170 |  28.7
            +---------+---------+-------+---------+---------+-------
        D:1 |      23 |       0 |   0.0 |      15 |       0 |   0.0
        D:2 |      54 |       0 |   0.0 |      16 |       0 |   0.0
        D:3 |      99 |       0 |   0.0 |      17 |       0 |   0.0
        D:4 |     260 |       0 |   0.0 |      21 |       0 |   0.0
        D:5 |    1880 |     293 |  13.5 |      22 |       2 |   8.3
        D:6 |     690 |       0 |   0.0 |      18 |       0 |   0.0
        D:7 |     816 |       0 |   0.0 |      11 |       0 |   0.0
        D:8 |    2716 |       0 |   0.0 |      30 |       0 |   0.0
        D:9 |    1785 |    1176 |  39.7 |      32 |       8 |  20.0
       D:10 |    2359 |       0 |   0.0 |      19 |       0 |   0.0
       D:11 |    4283 |    1201 |  21.9 |      12 |       2 |  14.3
       D:12 |    7348 |   12364 |  62.7 |      22 |      21 |  48.8
       D:13 |    7514 |    4117 |  35.4 |      20 |      14 |  41.2
       D:14 |    2603 |    5649 |  68.5 |       6 |       7 |  53.8
       D:15 |    6500 |    4886 |  42.9 |      22 |      11 |  33.3
     Lair:1 |    2245 |     587 |  20.7 |       8 |       1 |  11.1
     Lair:2 |    3035 |    1300 |  30.0 |      11 |       8 |  42.1
     Lair:3 |    3965 |    1012 |  20.3 |      19 |       4 |  17.4
     Lair:4 |    2744 |       0 |   0.0 |      14 |       0 |   0.0
     Lair:5 |   11361 |   11282 |  49.8 |      37 |      52 |  58.4
    Swamp:1 |    8690 |       0 |   0.0 |      15 |       0 |   0.0
      Orc:1 |    1884 |     612 |  24.5 |      19 |       1 |   5.0
      Orc:2 |    2055 |   15727 |  88.4 |      16 |      39 |  70.9
            +---------+---------+-------+---------+---------+-------

Illustrated notes

Table legend:
 A = Kills in this place as a percentage of kills in the entire game.
 B = Kills by you in this place as a percentage of kills by you in the entire game.
 C = Kills by friends in this place as a percentage of kills by friends in the entire game.
 D = Other kills in this place as a percentage of other kills in the entire game.
 E = Experience gained in this place as a percentage of experience gained in the entire game.
 F = Experience gained in this place divided by the number of levels of this place that you have seen.
                   A       B       C       D       E      F
               +-------+-------+-------+-------+-------+----------------------
         Total | 100.0 | 100.0 | 100.0 |   N/A | 100.0 | 5629.8
       Dungeon |  58.8 |  62.2 |  41.1 |   N/A |  50.8 | 4574.4
          Lair |  26.0 |  24.5 |  33.7 |   N/A |  27.8 | 7506.2
         Swamp |   2.5 |   2.6 |   2.1 |   N/A |   6.4 | 8690.0
  Orcish Mines |  12.7 |  10.7 |  23.2 |   N/A |  15.0 | 10139.0
               +-------+-------+-------+-------+-------+----------------------

Table legend: (Time is in decaauts)
 A = Elapsed time spent in this place.
 B = Non-inter-level travel time spent in this place.
 C = Inter-level travel time spent in this place.
 D = Time resting spent in this place.
 E = Time spent auto-exploring this place.
 F = Levels seen in this place.
 G = Mean time per level.
                   A        B        C        D        E       F      G
               +--------+--------+--------+--------+--------+-----+--------+
         Total |  25612 |  24129 |   1483 |   2500 |  17381 |  24 | 1067.2 |
       Dungeon |  17780 |  16715 |   1065 |   1990 |  11952 |  15 | 1185.3 |
        Temple |    159 |    149 |     10 |      0 |    138 |   1 |  159.0 |
          Lair |   5592 |   5213 |    379 |     74 |   4207 |   5 | 1118.4 |
         Swamp |    484 |    483 |      1 |    160 |    162 |   1 |  484.0 |
  Orcish Mines |   1594 |   1566 |     28 |    275 |    921 |   2 |  797.0 |
               +--------+--------+--------+--------+--------+-----+--------+

Top non-repeatable levels by time:
    D:12: 3024 daAuts
    D:11: 1621 daAuts
  Lair:5: 1487 daAuts
     D:9: 1427 daAuts
  Lair:1: 1264 daAuts
     D:5: 1226 daAuts
     D:2: 1186 daAuts
     D:8: 1178 daAuts
     D:4: 1151 daAuts
  Lair:2: 1043 daAuts
     D:1: 1013 daAuts
  Lair:4: 1012 daAuts
    D:10: 1007 daAuts
   Orc:2: 975 daAuts
     D:7: 936 daAuts
